Match 47283976
Unlisted

Match 47283976
End
Engineer Squad
Construct Weapon Support Center
M1919 Machine Gun Team
Construct Barracks
M1 Mortar Team
Selects Heavy Weapons
Riflemen Squad
Selects M2HB .50cal Heavy Machine Gun
Mechanized Support Center
Grenade Package
Bazooka Squad
1XStyleDE
DQ沙漠之狐
小白
Soni
_[IQ]_KING OF IRAQ_
Brave Sir Robin
vincent
GodEr
0
0

Comments sign in to comment!

No comments posted yet!